 Dungeon Crawl Stone Soup version 0.31-a0-672-g7da72447bb (webtiles) character file.

Game seed: 16247156866918746660

4986 Shayle the Blocker (level 10, -10/101 HPs)
             Began as an Ogre Shapeshifter on Sept 5, 2023.
             Mangled by a vault guard
             ... wielding a +0 broad axe
              (19 damage)
             ... in a bailey.
             The game lasted 00:20:57 (6851 turns).

Shayle the Blocker (Ogre Shapeshifter)              Turns: 6851, Time: 00:20:58

Health: -10/101    AC: 11    Str: 20    XL:     10   Next: 54%
Magic:  20/20      EV:  7    Int: 20    God:
Gold:   377        SH: 20    Dex:  8    Spells: 22/22 levels left

rFire   + . .        i - +7 Throatcutter {drain, coup de grace}
rCold   + . .        b - +6 tower shield "Vuxt" {Int+5}
rNeg    . . .        t - +3 troll leather armour {Pargi}
rPois   .            (helmet currently unavailable)
rElec   .            (cloak currently unavailable)
rCorr   .            (gloves unavailable)
SInv    .            (boots unavailable)
Will    +....        (no amulet)
Stlth   +            j - +4 ring of protection
HPRegen 1.16/turn    k - ring of protection from cold
MPRegen 0.17/turn

%: clarity
@: beast-form, hasted, very quick
A: beast (slay +4), large, unfitting armour, tough skin 1, clarity, fire
resistance 1, robust 1
a: Begin Untransformation


You were in a bailey.
You were a hulking beast.
You visited 1 branch of the dungeon, and saw 9 of its levels.
You also visited: Sewer and Bailey.

You collected 377 gold pieces.

Inventory:

Hand Weapons
 i - the +7 Throatcutter (weapon) {drain, coup de grace}
   (You found it on level 8 of the Dungeon)
 m - a +2 war axe of flaming
Missiles
 g - 4 javelins
Armour
 a - a +0 animal skin
 b - the +6 tower shield "Vuxt" (worn) {Int+5}
   (You found it on level 3 of the Dungeon)

   Int+5:     It affects your intelligence (+5).
 r - a +0 cloak
 t - a +3 troll leather armour (worn) {Pargi}
Jewellery
 h - a ring of willpower
 j - a +4 ring of protection (left hand)
 k - a ring of protection from cold (right hand)
 o - a ring of flight
 q - a +5 ring of evasion
 G - a ring of ice
Talismans
 c - a beast talisman (active)
 d - a flux talisman
Wands
 z - a wand of iceblast (6)
 C - a wand of paralysis (7)
 D - a wand of flame (12)
Scrolls
 e - a scroll of poison
 n - 2 scrolls of enchant weapon
 p - 4 scrolls of teleportation
 w - a scroll of revelation
 x - 3 scrolls of fog
Potions
 f - a potion of might
 l - a potion of attraction
 s - a potion of mutation
 u - 2 potions of enlightenment
 v - 2 potions of curing
 B - a potion of resistance


   Skills:
 - Level 3.8 Fighting
 - Level 3.1 Dodging
 * Level 8.9 Shields
 + Level 6.9 Unarmed Combat
 + Level 6.7 Spellcasting
 + Level 7.0 Shapeshifting


You had 22 spell levels left.
You didn't know any spells.
Your spell library contained the following spells:

 Spells                   Type           Power      Damage    Failure   Level
 Magic Dart               Conj           24%        1d4       47%         1
 Blink                    Tloc           12%        N/A       63%         2
 Call Imp                 Summ           12%        N/A       63%         2
 Lesser Beckoning         Tloc           12%        N/A       63%         2
 Momentum Strike          Conj/Tloc      12%        3d8       63%         2
 Static Discharge         Conj/Air       12%        2-3/arc   63%         2
 Dazzling Flash           Conj/Hex       12%        N/A       85%         3
 Gell's Gravitas          Tloc           6%         N/A       85%         3
 Mephitic Cloud           Conj/Pois/Air  6%         N/A       85%         3
 Teleport Other           Tloc           6%         N/A       85%         3
 Volatile Blastmotes      Fire/Tloc      12%        2d11      85%         3
 Airstrike                Air            3%         2d(1-17)  99%         4
 Summon Lightning Spire   Summ/Air       6%         N/A       99%         4
 Dispersal                Tloc           3%         N/A       100%        6
 Starburst                Conj/Fire      3%         6d3       100%        6
 Maxwell's Capacitive Co  Air            3%         ∞         100%        8


Dungeon Overview and Level Annotations

Branches:
Dungeon (9/15)             Temple (0/1) D:5             Orc (0/2) D:9
  Sewer (visited)          Bailey (1/1)
   Lair: D:8-11

Altars:
Gozag
Wu Jian
Zin

Shops:
D:1 (([[

Annotations:
Bailey Prince Ribbit


Innate Abilities, Weirdness & Mutations

You are a hulking beast.
Your limbs bulge with bestial killing power. (Slay +4)
You are too large for most types of armour.
You have tough skin. (AC +1)
You possess an exceptional clarity of mind.
Your flesh is heat resistant. (rF+)
You are robust. (+10% HP)


Message History

The vault guard hits you with a +0 broad axe.
* * * LOW HITPOINT WARNING * * *
Okay, then.
Aiming: Paralyse
Press: ? - help, Shift-Dir - straight line, f - vault guard
Aim: a vault guard, wielding a +0 broad axe and wearing a +0 plate armour (heavily wounded, lightly drained, chance to affect: 23%)
The vault guard resists with almost no effort.
You block Prince Ribbit's attack. You block the vault guard's attack.
Aiming: Paralyse
Press: ? - help, Shift-Dir - straight line, f - Prince Ribbit, p - vault guard
Aim: Prince Ribbit (chance to affect: 31%) Prince Ribbit easily resists.
Prince Ribbit lets out a mournful croak.
You block Prince Ribbit's attack.
The vault guard hits you with a +0 broad axe!
* * * LOW HITPOINT WARNING * * *
Okay, then.
It was a potion of heal wounds.
You feel much better. Prince Ribbit hits you!
The vault guard hits you with a +0 broad axe!
* * * LOW HITPOINT WARNING * * *
You block Prince Ribbit's attack.
It was a potion of haste.
You feel yourself speed up. You block Prince Ribbit's attack.
The vault guard hits you but does no damage.
Okay, then.
Aiming: Paralyse
Press: ? - help, Shift-Dir - straight line, f - vault guard, p - Prince Ribbit
Aim: a vault guard, wielding a +0 broad axe and wearing a +0 plate armour (moderately wounded, lightly drained, chance to affect: 23%)
The vault guard resists with almost no effort.
You block Prince Ribbit's attack.
The vault guard hits you with a +0 broad axe!!
* * * LOW HITPOINT WARNING * * *
You feel better. Prince Ribbit hits you.
* * * LOW HITPOINT WARNING * * *
Aiming: Paralyse
Press: ? - help, Shift-Dir - straight line, f - Prince Ribbit, p - vault guard
Aim: Prince Ribbit (chance to affect: 31%) Prince Ribbit suddenly stops moving!
The vault guard hits you with a +0 broad axe!!
You die...

##?$!## #$?.$!#
#.....# #.....#
#..∩..#
###.....###
##≈##...##~##
##≈~~##'##~~~##
#≈~~Fhp....~~~#
##≈~~~...~.....#
#≈~~~.~.~.~~≈≈≈.
#≈~~~....~~≈###+
#≈~~~.~..~≈##
###≈~~~~~..~≈#
##.#≈~~~...~≈##
##..##≈~~~~.~≈#
##....#≈~≈≈~.~≈#


You could see a vault guard (drained) and Prince Ribbit (paralysed).

Vanquished Creatures
  A shadow (D:9)
  6 yaks (D:9)
  6 humans (Bailey)
  A steam dragon (D:6)
  Edmund (D:6)
  2 water moccasins (D:7)
  A black bear (D:7)
  2 orc warriors
  3 sky beasts
  Pargi (Sewer)
  2 ice beasts
  2 phantoms (D:6)
  8 bullfrogs
  2 gnoll sergeants
  A scorpion (D:7)
  5 wights
  A howler monkey (D:8)
  2 hounds (D:5)
  2 jellies (D:5)
  3 sleepcaps
  Ijyb (D:4)
  6 iguanas
  3 orc wizards
  8 gnolls
  7 adders
  2 river rats (D:5)
  A shadow imp (D:7)
  2 white imps (D:7)
  An ufetubus (D:6)
  2 dart slugs
  4 worms
  22 orcs
  6 ball pythons
  9 bats
  9 endoplasms
  2 giant cockroaches
  11 goblins
  10 hobgoblins
  3 quokkas
  5 frilled lizards
  4 kobolds
  3 rats
173 creatures vanquished.

Notes
Turn   | Place    | Note
-------+----------+-------------------------------------------
     0 | D:1      | Shayle the Ogre Shapeshifter began the quest for the Orb.
     0 | D:1      | Reached XP level 1. HP: 19/19 MP: 1/1
   132 | D:1      | Reached XP level 2. HP: 26/28 MP: 2/2
   330 | D:1      | Found Efomp's Armour Shoppe.
   384 | D:1      | Found Roryishro's Armour Shoppe.
   452 | D:1      | Found Peytes's Weapon Shop.
   489 | D:1      | Reached XP level 3. HP: 32/35 MP: 3/3
   515 | D:1      | Found Juj Cim's Antique Weapon Emporium.
  1165 | D:2      | Reached XP level 4. HP: 44/44 MP: 4/4
  1588 | D:3      | Reached XP level 5. HP: 32/53 MP: 5/5
  1723 | D:3      | Noticed a sky beast
  1743 | D:3      | Killed a sky beast
  1744 | D:3      | Reached XP level 6. HP: 39/62 MP: 6/6
  1827 | D:3      | Identified the +6 tower shield "Vuxt" {Int+5}
  2412 | D:4      | Reached skill level 1 in Shields
  2476 | D:4      | Reached skill level 1 in Spellcasting
  2844 | D:4      | Noticed Ijyb
  2863 | D:4      | Killed Ijyb
  2997 | D:4      | Identified the +8 chain mail of the Slightly Bent {rPois
                  | Str+3 SInv}
  3079 | D:4      | Reached skill level 2 in Shields
  3091 | D:5      | Entered Level 5 of the Dungeon
  3137 | D:5      | Reached XP level 7. HP: 47/68 MP: 9/9
  3227 | D:5      | Found a glowing drain.
  3298 | Sewer    | Entered a sewer
  3307 | Sewer    | Noticed Pargi
  3315 | Sewer    | Killed Pargi
  3316 | Sewer    | Reached skill level 3 in Shields
  3558 | D:5      | Found a staircase to the Ecumenical Temple.
  3700 | D:6      | Found an ornate altar of the Wu Jian Council.
  3707 | D:6      | Reached XP level 8. HP: 78/78 MP: 12/12
  3719 | D:6      | Reached skill level 4 in Shields
  4004 | D:6      | Reached skill level 5 in Shapeshifting
  4399 | D:6      | Reached skill level 5 in Unarmed Combat
  4511 | D:6      | Found a glowing silver altar of Zin.
  4511 | D:6      | Noticed an angel
  4567 | D:6      | Noticed Edmund
  4593 | D:6      | Killed Edmund
  4594 | D:6      | Reached skill level 5 in Shields
  5127 | D:7      | Reached XP level 9. HP: 59/84 MP: 15/15
  5189 | D:7      | Reached skill level 6 in Shields
  5321 | D:7      | Found an opulent altar of Gozag.
  5514 | D:7      | Reached skill level 5 in Spellcasting
  5781 | D:8      | Reached skill level 7 in Shields
  5933 | D:8      | Gained mutation: You expend magic power (3 MP) to
                  | strengthen your wands. [potion of mutation]
  5933 | D:8      | Gained mutation: You have a pair of small antennae on your
                  | head. [potion of mutation]
  5934 | D:8      | Lost mutation: You expend magic power (3 MP) to strengthen
                  | your wands. [potion of mutation]
  5934 | D:8      | Lost mutation: You have a pair of small antennae on your
                  | head. [potion of mutation]
  5934 | D:8      | Gained mutation: You possess an exceptional clarity of
                  | mind. [potion of mutation]
  5934 | D:8      | Gained mutation: You are robust. (+10% HP) [potion of
                  | mutation]
  5934 | D:8      | Gained mutation: Your flesh is heat resistant. (rF+)
                  | [potion of mutation]
  5945 | D:8      | Found the +7 Throatcutter {drain, coup de grace}
  6483 | D:9      | Reached XP level 10. HP: 97/101 MP: 17/19
  6485 | D:9      | Reached skill level 8 in Shields
  6693 | D:9      | Found a flagged portal.
  6707 | Bailey   | Entered a bailey
  6833 | Bailey   | Noticed a vault guard
  6833 | Bailey   | Noticed Prince Ribbit
  6851 | Bailey   | Mangled by a vault guard

Illustrated notes

Levels and vault maps discovered:
D:1:      heliophobic_arrival_dark_side_of_the_moon, layout_basic, serial_glass,
          glass_columns_b, glass_columns_b, serial_shops,
          nicolae_shop_tiny_statue_garden, nicolae_shop_gibbet_a_chance, shop,
          shop
D:2:      layout_rooms, roderic_serpentine_path
D:3:      layout_loops_ring
D:4:      kennysheep_the_goblin_king, layout_cave_pods, minmay_misc_feat_iff,
          uniq_ijyb
D:5:      layout_rooms, minmay_temple_entry_trees, portal_sewer_entry_a,
          uniq_menkaure
D:6:      layout_basic, nicolae_wu_jian_wuxing_cycle, zin_angel, uniq_edmund
D:7:      layout_basic, lemuel_coloured_pillars_altar
D:8:      nicolae_cairo_tiling_large, layout_loops_ring
D:9:      layout_basic, erik_orc_3, enter_bailey_2, kennysheep_generic_room_16
Bailey:   bailey_axe_froggy_fort_hellmonk, bailey

Skill      XL: |  1  2  3  4  5  6  7  8  9 10 |
---------------+-------------------------------+-----
Dodging        | 2 3 |  3.1
Fighting       | 2 3 |  3.8
Unarmed Combat | 3 4 5 6 |  6.9
Shapeshifting  | 4 5 6 7 |  7.0
Shields        | 2 3 5 7 8 |  8.9
Spellcasting   | 1 2 4 6 |  6.7

Action                     |  1- 3 |  4- 6 |  7- 9 | 10-12 || total
---------------------------+-------+-------+-------+-------++-------
  Melee: Unarmed           |    68 |       |       |       ||    68
         War axe           |    24 |   122 |   232 |       ||   378
         Punch             |     1 |     1 |       |       ||     2
         Long sword        |       |       |    30 |    63 ||    93
  Evoke: Wand              |       |       |       |     4 ||     4
    Use: Potion            |       |     4 |     2 |     4 ||    10
         Scroll            |       |     2 |    15 |     1 ||    18
   Stab: Sleeping          |       |     1 |     1 |       ||     2
 Armour: Animal skin       |    62 |   108 |    63 |       ||   233
         Skin              |       |    22 |       |       ||    22
         Troll leather arm |       |       |   114 |    63 ||   177
  Dodge: Dodged            |    43 |    52 |    61 |    18 ||   174
  Block: Tower shield      |       |    75 |   296 |    95 ||   466

Table legend: (Time is in decaauts)
 A = Elapsed time spent in this place.
 B = Non-inter-level travel time spent in this place.
 C = Inter-level travel time spent in this place.
 D = Time resting spent in this place.
 E = Time spent auto-exploring this place.
 F = Levels seen in this place.
 G = Mean time per level.
                   A        B        C        D        E       F      G
               +--------+--------+--------+--------+--------+-----+--------+
         Total |   7187 |   6931 |    256 |    517 |   4153 |  11 |  653.4 |
       Dungeon |   6858 |   6602 |    256 |    490 |   4124 |   9 |  762.0 |
         Sewer |    159 |    159 |      0 |      0 |     29 |   1 |  159.0 |
        Bailey |    169 |    169 |      0 |     27 |      0 |   1 |  169.0 |
               +--------+--------+--------+--------+--------+-----+--------+

Top non-repeatable levels by time:
     D:6: 1286 daAuts
     D:7: 1021 daAuts
     D:1: 884 daAuts
     D:3: 880 daAuts
     D:4: 757 daAuts
     D:8: 725 daAuts
     D:2: 649 daAuts
     D:5: 366 daAuts
     D:9: 286 daAuts
  Bailey: 169 daAuts
   Sewer: 159 daAuts
